 Dungeon Crawl Stone Soup version 0.26-a0-597-gb535b0901c (webtiles) character file.

Game seed: 5071665927622450987

7 Lanoc the Charlatan (level 2, 0/21 HPs)
             Began as a Merfolk Artificer on Sept 11, 2020.
             Shot with a sling bullet by something (1 damage)
             ... led by Robin
             ... on level 3 of the Dungeon.
             The game lasted 00:00:41 (91 turns).

Lanoc the Charlatan (Merfolk Artificer)               Turns: 91, Time: 00:00:42

Health: 0/21       AC:  3    Str: 12    XL:     2   Next: 4%
Magic:  2/2        EV: 13    Int: 10    God:
Gold:   6          SH:  0    Dex: 14    Spells: 1/1 levels left

rFire    . . .     SeeInvis .   a - +0 club
rCold    . . .     Faith    .   (no shield)
rNeg     . . .     Spirit   .   b - +0 leather armour
rPois    .         Reflect  .   (no helmet)
rElec    .         Harm     .   (no cloak)
rCorr    .                      (no gloves)
MR       .....                  (no boots)
Stlth    +.........             (no amulet)
HPRegen  0.07/turn              (no ring)
MPRegen  0.08/turn              (no ring)

@: no status effects
A: change form in water, swift swim, stealthy swim
a: no special abilities


You were on level 3 of the Dungeon.
You visited 1 branch of the dungeon, and saw 3 of its levels.

You collected 6 gold pieces.

Inventory:

Hand Weapons
 a - a +0 club (weapon)
Armour
 b - a +0 leather armour (worn)
Wands
 c - a wand of flame (15)
 d - a wand of enslavement (14)
 e - a wand of random effects (5)


   Skills:
 + Level 1.3 Fighting
 + Level 0.8 Armour
 + Level 2.9 Dodging
 - Level 1.1 Stealth
 * Level 3.2 Evocations


You had one spell level left.
You didn't know any spells.
Your spell library was empty.

Dungeon Overview and Level Annotations

Branches:
Dungeon (3/15)

Altars:

Annotations:
D:3 Robin


Message History

A sling bullet appears from out of thin air!
The sling bullet hits your goblin.
Your goblin dies!
A sling bullet appears from out of thin air!
The sling bullet hits you.
* * * LOW HITPOINT WARNING * * *
You see here a sling bullet.
Evoke which item? (* to show all) (? for menu, Esc to quit)
Aiming: Random Effects
Press: ? - help, Shift-Dir - straight line, f - goblin
Aim: a goblin, wielding a +0 club (strong) Nothing appears to happen.
Evoke which item? (* to show all) (? for menu, Esc to quit)
Aiming: Random Effects
Press: ? - help, Shift-Dir - straight line, f/p - goblin
Aim: a goblin, wielding a +0 club (strong) Nothing appears to happen.
A sling bullet appears from out of thin air!
The sling bullet hits you.
You die...

##### #...# #...#######
#####################.........###
..............................>.#
#####################..........#
###.. ..#############)......#
..... ./..>..@.{ggg.g......g##
###.. ..#############g...(...#
####.##... ...# ... ###.. ...
.#.#ggg . .#.g. .. ..... .. #....


You could see a hobgoblin (strong) and 3 goblins.

Vanquished Creatures
  A ball python (D:3)
  3 goblins (D:3)
  A hobgoblin (D:3)
  A kobold (D:3)
6 creatures vanquished.

Vanquished Creatures (others)
  A goblin (D:3)
1 creature vanquished.

Grand Total: 7 creatures vanquished

Notes
Turn   | Place    | Note
-------+----------+-------------------------------------------
     0 | D:1      | Lanoc the Merfolk Artificer began the quest for the Orb.
     0 | D:1      | Reached XP level 1. HP: 15/15 MP: 1/1
    67 | D:3      | Noticed Robin
    85 | D:3      | Reached XP level 2. HP: 7/21 MP: 2/2
    89 | D:3      | HP: 1/21 [something (6)]
    91 | D:3      | Shot with a sling bullet by something

Illustrated notes

Levels and vault maps discovered:
D:1:      shiori_arrival_maze, layout_rooms
D:2:      minmay_wonky_spiral, layout_basic, elyvilon_altar_3
D:3:      layout_basic, nicolae_overflow_crystal_walls,
          chequers_ecumenical_altar_twisty,
          nicolae_dithmenos_through_a_glass_darkly, uniq_robin, uniq_ijyb

Action                   || total
-------------------------++-------
Melee: Club              ||     4
Evoke: Wand              ||    11
Armor: Leather armour    ||     6
Dodge: Dodged            ||     8

Table legend: (Time is in decaauts)
 A = Elapsed time spent in this place.
 B = Non-inter-level travel time spent in this place.
 C = Inter-level travel time spent in this place.
 D = Time resting spent in this place.
 E = Time spent auto-exploring this place.
 F = Levels seen in this place.
 G = Mean time per level.
                   A        B        C        D        E       F      G
               +--------+--------+--------+--------+--------+-----+--------+
         Total |     91 |     86 |      5 |      0 |     46 |   3 |   30.3 |
       Dungeon |     91 |     86 |      5 |      0 |     46 |   3 |   30.3 |
               +--------+--------+--------+--------+--------+-----+--------+

Top non-repeatable levels by time:
     D:3: 79 daAuts
     D:2: 9 daAuts
     D:1: 2 daAuts
